 Dungeon Crawl Stone Soup version 0.30-a0-782-ge64f9170bb (webtiles) character file.

Game seed: 4906505337047617168

45 tilp the Trooper (level 4, -4/40 HPs)
             Began as a Meteoran Fighter on Mar 15, 2023.
             Killed from afar by an orc wizard (7 damage)
             ... with a magic dart
             ... on level 4 of the Dungeon.
             The game lasted 00:02:04 (409 turns).

tilp the Trooper (Meteoran Fighter)                  Turns: 409, Time: 00:02:04

Health: -4/40      AC:  6    Str: 17    XL:     4   Next: 12%
Magic:  0/5        EV:  9    Int:  9    God:
Gold:   46         SH:  5    Dex: 16    Spells: 3/3 levels left

rFire   . . .      SeeInvis .    a - +0 long sword
rCold   . . .      Faith    .    c - +0 buckler
rNeg    . . .      Spirit   +    b - +0 scale mail
rPois   .          Reflect  .    (no helmet)
rElec   .          Harm     .    (no cloak)
rCorr   .          Rampage  .    (no gloves)
Will    .....                    (no boots) Stlth
                                 e - amulet of guardian spirit
HPRegen 0.26/turn                (no ring)
MPRegen 0.09/turn                (no ring)

@: flying, glowing
A: sense surroundings 1, otherworldly, glowing, explore regen
a: no special abilities


You were on level 4 of the Dungeon.
You visited 1 branch of the dungeon, and saw 4 of its levels.

You collected 46 gold pieces.

Inventory:

Hand Weapons
 a - a +0 long sword (weapon)
Armour
 b - a +0 scale mail (worn)
 c - a +0 buckler (worn)
Jewellery
 e - an amulet of guardian spirit (around neck)
Scrolls
 g - a scroll of amnesia {unknown}
Potions
 d - a potion of might
 h - a potion of magic {unknown}
 i - a potion of brilliance {unknown}


   Skills:
 + Level 3.7 Fighting
 * Level 3.7 Long Blades
 - Level 3.6 Armour
 + Level 1.6 Dodging
 - Level 3.6 Shields


You had 3 spell levels left.
You didn't know any spells.
Your spell library was empty.

Dungeon Overview and Level Annotations

Branches:
Dungeon (4/15) Zot: 1963   Temple (0/1) D:4

Altars:

Shops:
D:2 :


Innate Abilities, Weirdness & Mutations

You passively map a small area around you.
You are easily found by Zot.
You glow in the dark.
You regain HP and MP as you explore.


Message History

Something hits you but does no damage.
You have reached level 4!
You slash the orc!
You kill the orc!
Something hits you.
You hit the orc.
The orc is heavily wounded.
You block the orc's attack.
You hear some strange, mumbled words.
A puff of flame appears from out of thin air!
The puff of flame hits you.
* * * LOW HITPOINT WARNING * * *
Something hits you but does no damage. The orc hits you with a +0 whip.
* * * LOW HITPOINT WARNING * * *
You slash the orc!
You kill the orc!
Something hits you.
* * * LOW HITPOINT WARNING * * *
You miss something. Something hits you but does no damage.
You hit something. Something hits you.
* * * LOW HITPOINT WARNING * * *
You barely miss something.
Something hits you but does no damage. x2
You miss something.
You hear some strange, mumbled words.
A magic dart appears from out of thin air!
The magic dart hits you.
* * * LOW HITPOINT WARNING * * *
You closely miss something. Something hits you but does no damage.
You completely miss something. Something hits you but does no damage.
You closely miss something. Something hits you.
* * * LOW HITPOINT WARNING * * *
Something hits you.
* * * LOW HITPOINT WARNING * * *
It was a potion of flight.
You feel very buoyant.
You fly up into the air.
An orc wizard appears from thin air!
Reactivating autopickup.
The orc wizard points at you and mumbles some strange words.
The magic dart hits you!
You die...

..... .##). #≈≈≈≈≈~.
,,.... .>.. * ###≈≈≈~≈ .
... ... , ##≈≈≈~ *
.$###..#.. * ##### *
.........# # * ,
#...#....# # #....#* #
,#..#)## ######
..$##o@)### #.....
..>........# #.....
#....#.....## #...).
.#....#.##..# ###.....
#.#..#.##..#####.......
#.(.##..###...##..#.....
.... ).###..#.#..#####.#
* ## ## #.##...## #.# ,
* ...#...## #.#


You could see an orc wizard.

Vanquished Creatures
  An adder (D:3)
  2 worms
  4 orcs (D:4)
  A ball python (D:2)
  3 endoplasms (D:1)
  2 giant cockroaches
  2 hobgoblins
  A kobold (D:2)
  A quokka (D:3)
  2 bats
  2 frilled lizards (D:1)
  3 goblins (D:1)
  A rat (D:3)
25 creatures vanquished.

Notes
Turn   | Place    | Note
-------+----------+-------------------------------------------
     0 | D:1      | tilp the Meteoran Fighter began the quest for the Orb.
     0 | D:1      | Reached XP level 1. HP: 19/19 MP: 2/2
   106 | D:1      | Reached XP level 2. HP: 19/26 MP: 1/3
   124 | D:2      | Found Qacruh's Book Shoppe.
   157 | D:2      | Reached skill level 1 in Dodging
   185 | D:1      | Reached XP level 3. HP: 29/31 MP: 2/4
   381 | D:4      | Found a staircase to the Ecumenical Temple.
   399 | D:4      | Reached XP level 4. HP: 22/40 MP: 2/5
   409 | D:4      | Killed from afar by an orc wizard

Illustrated notes

Levels and vault maps discovered:
D:1:      evilmike_arrival_crescent, layout_basic, serial_glass,
          glass_columns_a, glass_columns_b, serial_shops, shop,
          dreamdust_ecumenical_altar_drowned_temple,
          chequers_serial_rivers_micro_c, st_stairs_7
D:2:      layout_loops_ring, serial_shops, shop,
          nicolae_shop_bloodbath_and_beyond, shop, shop
D:3:      layout_basic, minmay_ogre_servants
D:4:      layout_rooms, mainiacjoe_overflow_24_doors,
          amethyst_overflow_temple_binary, minmay_temple_entry_mini_moons,
          gup_sewer_entry_spiral, chequers_serial_rivers_large_a,
          chequers_garden, minmay_starry_boxes, uniq_ijyb

Skill      XL: |  1  2 |
---------------+-------+-----
Long Blades    | 3 |  3.7
Dodging        | 1 |  1.6
Fighting       | |  3.7
Armour         | |  3.6
Shields        | |  3.6

Action                     |  1- 3 |  4- 6 || total
---------------------------+-------+-------++-------
  Melee: Long sword        |    71 |    10 ||    81
    Use: Scroll            |     2 |       ||     2
         Potion            |       |     1 ||     1
 Armour: Scale mail        |    30 |     6 ||    36
  Dodge: Dodged            |    27 |       ||    27
  Block: Buckler           |    23 |     1 ||    24

Table legend: (Time is in decaauts)
 A = Elapsed time spent in this place.
 B = Non-inter-level travel time spent in this place.
 C = Inter-level travel time spent in this place.
 D = Time resting spent in this place.
 E = Time spent auto-exploring this place.
 F = Levels seen in this place.
 G = Mean time per level.
                   A        B        C        D        E       F      G
               +--------+--------+--------+--------+--------+-----+--------+
         Total |    435 |    435 |      0 |      4 |      0 |   4 |  108.8 |
       Dungeon |    435 |    435 |      0 |      4 |      0 |   4 |  108.8 |
               +--------+--------+--------+--------+--------+-----+--------+

Top non-repeatable levels by time:
     D:1: 146 daAuts
     D:3: 119 daAuts
     D:4: 95 daAuts
     D:2: 74 daAuts
